 Dungeon Crawl Stone Soup version 0.23.2-30-g0e89c35649 (webtiles) character file.

Game seed: 5383130372297023446

163 EcosseEcosse the Firebug (level 5, -6/39 HPs)
             Began as a Draconian Fire Elementalist on June 20, 2019.
             Mangled by Sigmund
             ... wielding a +0 scythe
              (12 damage)
             ... on level 3 of the Dungeon.
             The game lasted 00:12:46 (2791 turns).

EcosseEcosse the Firebug (DrFE)                     Turns: 2791, Time: 00:12:46

Health: -6/39      AC:  5    Str: 10    XL:     5   Next: 20%
Magic:  5/8        EV: 13    Int: 17    God:
Gold:   110        SH:  0    Dex: 11    Spells: 7/8 levels left

rFire    . . .     SeeInvis .   a - +0 whip
rCold    . . .     Gourm    .   (no shield)
rNeg     . . .     Faith    .   (armour unavailable)
rPois    .         Spirit   .   (helmet restricted)
rElec    .         Reflect  .   (no cloak)
rCorr    .         Harm     .   (no gloves)
MR       .....                  (no boots)
Stlth    +.........             (no amulet)
HPRegen  0.13/turn              (no ring)
MPRegen  0.11/turn              (no ring)

@: confused
A: unfitting armour, cold-blooded, AC +5
a: no special abilities


You were on level 3 of the Dungeon.
You were not hungry.

You visited 1 branch of the dungeon, and saw 3 of its levels.

You collected 110 gold pieces.

Inventory:

Hand Weapons
 a - a +0 whip (weapon)
 d - a +0 hand axe
 f - a +0 mace
 j - a +0 short sword
 l - a +0 whip
Armour
 g - a +0 ring mail
 n - a cursed +0 ring mail
 x - a +0 leather armour of cold resistance
Jewellery
 s - a cursed -5 ring of strength {unknown}
 v - a +2 ring of evasion {unknown}
Wands
 w - a wand of disintegration (4)
Scrolls
 e - 2 scrolls of amnesia {unknown}
 i - a scroll of enchant armour {unknown}
 k - a scroll of immolation {unknown}
 m - a scroll of remove curse
 o - a scroll of fog {unknown}
 u - 2 scrolls of fear {unknown}
 y - a scroll of noise {unknown}
Potions
 c - a potion of degeneration {unknown}
 h - 2 potions of curing {unknown}
 p - a potion of cancellation {unknown}
 q - a potion of mutation {unknown}
 r - a potion of lignification {unknown}
 t - a potion of heal wounds {unknown}
 z - a potion of agility {unknown}
Comestibles
 b - 2 rations


   Skills:
 + Level 0.9 Fighting
 + Level 2.1 Maces & Flails
 + Level 2.8 Dodging
 + Level 3.1 Stealth
 + Level 2.2 Spellcasting
 + Level 1.2 Conjurations
 + Level 3.5 Fire Magic


You had 7 spell levels left.
You knew the following spells:

 Your Spells              Type           Power        Failure   Level  Hunger
a - Flame Tongue          Conj/Fire      #....        7%          1    #......

Your spell library contained the following spells:

 Spells                   Type           Power        Failure   Level  Hunger
 Throw Flame              Conj/Fire      #.....       11%         2    ###....
 Conjure Flame            Conj/Fire      #.......     22%         3    ###....
 Inner Flame              Hex/Fire       #.......     28%         3    ###....
 Sticky Flame             Conj/Fire      #.......     56%         4    #####..
 Fireball                 Conj/Fire      #.........   89%         5    ######.


Dungeon Overview and Level Annotations

Branches:
Dungeon (3/15)

Altars:
Dithmenos
Okawaru
Trog

Annotations:
D:3 Sigmund


Innate Abilities, Weirdness & Mutations

Your plain brown scales are hard. (AC +5)
You cannot fit into any form of body armour.
You are cold-blooded and may be slowed by cold attacks.


Message History

Sigmund casts a spell at you.
You are confused.
You bump into the rock wall.
Sigmund points at you and mumbles some strange words.
You are more confused.
Sigmund barely misses you.
Sigmund points at you and mumbles some strange words.
You are more confused.
That item cannot be evoked!
You're too confused!
You're too confused to move!
Sigmund mumbles some strange words.
Sigmund flickers and vanishes!
Deactivating autopickup; reactivate with Ctrl-A.
Your magical contamination has completely faded away.
You bump into the rock wall.
Something hits you. Something hits you!
* * * LOW HITPOINT WARNING * * *
Something hits you!
You die...

#.# #.#.# #####.# #.#.########
######
.###...#.###........#.###.....
.......#.......†..............
#...#.###..........########
..#####................# ##
........#.####.........# #.
...###..#.####.........#######.
.......†....{.@................
.......................##.####.
.#.###..#...#.#.###.#.###.####.
.. ............................
. ...#..........###.#.###.####.
#.#.#.##.#.#.#####.#.###.####.
. ............................
. ...##......................
#.# ..#.###.#.###.###..


There were no monsters in sight!

Vanquished Creatures
  Jessica (D:2)
  Ijyb (D:3)
  3 adders (D:2)
  3 oozes
  3 worms
  4 leopard geckos
  An orc (D:3)
  10 bats
  A giant cockroach (D:1)
  6 hobgoblins
  8 kobolds
  2 quokkas (D:3)
  4 frilled lizards
  4 goblins
  10 rats
61 creatures vanquished.

Notes
Turn   | Place    | Note
-------+----------+-------------------------------------------
     0 | D:1      | EcosseEcosse the Draconian Fire Elementalist began the
                  | quest for the Orb.
     0 | D:1      | Reached XP level 1. HP: 14/14 MP: 3/3
    31 | D:1      | Reached XP level 2. HP: 13/20 MP: 5/5
   723 | D:1      | Reached XP level 3. HP: 21/26 MP: 6/6
   929 | D:2      | Reached skill level 1 in Maces & Flails
   994 | D:2      | Found a bloodstained altar of Trog.
   999 | D:2      | Noticed Jessica
  1025 | D:2      | Killed Jessica
  1062 | D:2      | Reached XP level 4. HP: 34/34 MP: 4/7
  1137 | D:2      | Found an iron altar of Okawaru.
  1296 | D:2      | Found a shadowy altar of Dithmenos.
  2340 | D:3      | Noticed Ijyb
  2402 | D:3      | Killed Ijyb
  2402 | D:3      | Reached XP level 5. HP: 4/39 MP: 3/8
  2754 | D:3      | Noticed Sigmund
  2791 | D:3      | Mangled by Sigmund

Skill      XL: |  1  2  3  4 |
---------------+-------------+-----
Stealth        | 2 3 |  3.1
Dodging        | 2 |  2.8
Maces & Flails | 1 2 |  2.1
Fighting       | |  0.9
Spellcasting   | |  2.2
Conjurations   | |  1.2
Fire Magic     | |  3.5

Action                   |  1- 3 |  4- 6 || total
-------------------------+-------+-------++-------
Melee: Whip              |   133 |   152 ||   285
       Tailslap          |     5 |    21 ||    26
 Cast: Flame Tongue      |     7 |    16 ||    23
Evoke: Wand              |       |     1 ||     1
  Use: Scroll            |       |     1 ||     1
 Stab: Sleeping          |     4 |     7 ||    11
  Eat: Chunk             |     1 |       ||     1
       Ration            |       |     2 ||     2
Armor: Skin              |    63 |    59 ||   122
Dodge: Dodged            |   121 |   110 ||   231
